 Dungeon Crawl Stone Soup version 0.28.0-53-g5a82cb258f (webtiles) character file.

Game seed: 12283507301118860260

358 Descartes the Sneak (level 6, -7/44 HPs)
             Began as an Octopode Monk on June 16, 2022.
             Was an Initiate of Gozag.
             Mangled by an orc warrior
             ... wielding a +0 war axe
              (10 damage)
             ... on level 3 of the Dungeon.
             The game lasted 00:04:19 (3691 turns).

Descartes the Sneak (Octopode Monk)                 Turns: 3691, Time: 00:04:19

Health: -7/44      AC:  1    Str: 12    XL:     6   Next: 64%
Magic:  6/6        EV: 15    Int: 12    God:    Gozag
Gold:   217        SH:  0    Dex: 15    Spells: 5/5 levels left

rFire   . . .      SeeInvis .   r - +2 short sword (flame)
rCold   . . .      Faith    .   (no shield)
rNeg    . . .      Spirit   .   (helmet restricted)
rPois   .          Reflect  .   (no amulet)
rElec   .          Harm     .   m - ring of willpower
rCorr   .          Rampage  .   (no ring)
Will    +....                   (no ring)
Stlth   ++++......              (no ring)
HPRegen 0.14/turn               (no ring)
MPRegen 0.10/turn               (no ring)
                                (no ring)
                                (no ring)

@: no status effects
A: almost no armour, amphibious, 8 rings, camouflage 1, gelatinous body 1,
(nimble swimmer 1), tentacles
a: Renounce Religion, Potion Petition, Call Merchant, Bribe Branch


You were on level 3 of the Dungeon.
You worshipped Gozag.
Gozag was aware of your devotion.
You visited 1 branch of the dungeon, and saw 4 of its levels.

You collected 217 gold pieces.

Inventory:

Hand Weapons
 a - a +0 short sword
 q - a +3 quarterstaff of chaos
 r - a +2 short sword of flaming (weapon)
Missiles
 f - 3 boomerangs (quivered)
 g - 88 stones
 h - 77 sling bullets
 n - 33 bolts
 t - 6 arrows
Jewellery
 m - a ring of willpower (left tentacle)
 s - a +6 ring of dexterity
Scrolls
 b - 7 scrolls of identify {unknown}
 d - a scroll of noise {unknown}
 e - 2 scrolls of amnesia {unknown}
 i - 2 scrolls of enchant weapon {unknown}
 o - a scroll of teleportation {unknown}
Potions
 c - a potion of ambrosia {unknown}
 j - a potion of cancellation {unknown}
 k - 2 potions of might
 l - a potion of mutation {unknown}
 p - a potion of heal wounds {unknown}


   Skills:
 + Level 4.4 Fighting
 + Level 4.4 Short Blades
 + Level 4.4 Dodging
 + Level 5.3 Stealth


You had 5 spell levels left.
You didn't know any spells.
Your spell library contained the following spells:

 Spells                   Type           Power      Damage    Failure   Level
 Corpse Rot               Necr/Air       0%         N/A       45%         2
 Poisonous Vapours        Pois/Air       0%         N/A       45%         2
 Borgnjor's Revivificati  Necr           0%         N/A       100%        8
 Necromutation            Tmut/Necr      0%         N/A       100%        8
 Death's Door             Necr           0%         N/A       100%        9


Dungeon Overview and Level Annotations

Branches:
Dungeon (4/15)
 Temple: D:4-7

Altars:
Gozag
Sif Muna
Vehumet


Innate Abilities, Weirdness & Mutations

You cannot wear most types of armour.
You are amphibious.
You can wear up to eight rings at the same time.
Your skin changes colour to match your surroundings (Stealth+).
Your rubbery body absorbs attacks. (AC +1, EV +1)
((You are camouflaged when in or above water. (Stealth+)))
You have tentacles for arms and can constrict up to eight enemies at once.


Message History

You now have 209 gold pieces (gained 7).
Things that are here:
a +0 dagger; a +0 robe You now have 217 gold pieces (gained 8).
You see here a +0 dagger.
An adder comes into view.
The adder moves out of view.
An adder is nearby!
An orc warrior comes into view. It is wielding a +0 war axe.
The orc warrior shouts!
A quokka comes into view.
The orc warrior completely misses you.
You hit the orc warrior but do no damage.
Your grab misses the orc warrior. You squeeze the orc warrior.
The orc warrior is moderately wounded.
An orc comes into view. It is wielding a +0 flail.
The quokka twitches its whiskers.
You completely miss the orc warrior.
The adder hisses angrily.
Your grab misses the orc warrior.
You squeeze the orc warrior, but do no damage.
The orc warrior is moderately wounded.
The orc warrior hits you with a +0 war axe!
You are too injured to fight recklessly!
You are too injured to fight recklessly!
You are too injured to fight recklessly!
You are too injured to fight recklessly!
You are too injured to fight recklessly!
There are monsters nearby!
The adder misses you. The adder bites you.
There is a stone staircase leading up here.
The orc warrior hits you with a +0 war axe!!
* * * LOW HITPOINT WARNING * * *
You climb upwards.
There is a stone staircase leading down here.
There is an open door here.
The orc warrior hits you with a +0 war axe!
You die...
Your body crumbles into a pile of gold.

........................########
..#######.##..#.............#
..#### #.###.#.............#
.....# #.# #.#.............#
.....# #.# #.#...#.#.......#
.....# ##'###.#...#+#########
.....# #................# .#####
#..[..)<)o#......# ##
####...###)[@#......###
#..........>.'........####
####........#####...........#
##...........# ##..........#
...#######...# #..........#
...#.....#...# #.......####
...#.....#...# #########
...#.._..'...# ...#.....#...#


You could see an orc warrior.

Vanquished Creatures
  A phantom (D:4)
  Crazy Yiuf (D:2)
  3 orc priests
  2 orc wizards
  Robin (D:3)
  2 adders (D:2)
  A worm (D:3)
  A dart slug (D:1)
  10 orcs
  3 ball pythons
  4 endoplasms
  2 giant cockroaches (D:1)
  4 hobgoblins
  4 quokkas
  4 bats
  3 frilled lizards
  17 goblins
  4 kobolds
  7 rats
74 creatures vanquished.

Notes
Turn   | Place    | Note
-------+----------+-------------------------------------------
     0 | D:1      | Descartes the Octopode Monk began the quest for the Orb.
     0 | D:1      | Reached XP level 1. HP: 16/16 MP: 1/1
    80 | D:1      | Reached skill level 3 in Stealth
    80 | D:1      | Reached XP level 2. HP: 15/21 MP: 2/2
   770 | D:2      | Reached XP level 3. HP: 26/26 MP: 3/3
  1263 | D:2      | Found a runed translucent door.
  1264 | D:2      | Noticed Crazy Yiuf
  1486 | D:2      | Killed Crazy Yiuf
  1487 | D:2      | Reached XP level 4. HP: 16/32 MP: 4/4
  1735 | D:2      | Reached skill level 4 in Stealth
  1923 | D:3      | Found a faded altar of an unknown god.
  2046 | D:3      | Reached XP level 5. HP: 35/37 MP: 5/5
  2353 | D:3      | Noticed Robin
  2644 | D:3      | Killed Robin
  2882 | D:3      | Found a shimmering blue altar of Sif Muna.
  2989 | D:3      | Found a radiant altar of Vehumet.
  3096 | D:3      | Found an opulent altar of Gozag.
  3278 | D:3      | Became a worshipper of Gozag Ym Sagoz the Greedy
  3335 | D:4      | Noticed a phantom
  3345 | D:4      | Killed a phantom
  3346 | D:4      | Reached skill level 5 in Stealth
  3346 | D:4      | Reached XP level 6. HP: 21/43 MP: 6/6
  3667 | D:4      | Noticed an orc warrior
  3683 | D:4      | HP: 2/44 [orc warrior/+0 war axe (19)]
  3691 | D:3      | Mangled by an orc warrior

Illustrated notes

Levels and vault maps discovered:
D:1:      minmay_arrival_radiant_lines, layout_rooms, minmay_close_crescents
D:2:      layout_loops_ring, uniq_crazy_yiuf_cottage
D:3:      layout_basic, amcnicky_altar_gilded, grunt_gozag_statues,
          nicolae_vehumet_radiance, hellmonk_ecumenical_altar_blasted,
          uniq_robin
D:4:      layout_cave_pools, xom_redecorated, marbit_many_paths

Skill      XL: |  1  2  3  4  5 |
---------------+----------------+-----
Stealth        | 3 4 5 |  5.3
Short Blades   | 4 |  4.4
Fighting       | 4 |  4.4
Dodging        | 4 |  4.4

Action                   |  1- 3 |  4- 6 || total
-------------------------+-------+-------++-------
Melee: Short sword       |    67 |    86 ||   153
       Constrict         |    15 |    20 ||    35
       Tentacles         |    12 |    18 ||    30
       Punch             |     2 |     1 ||     3
 Stab: Sleeping          |     8 |     3 ||    11
Armor: Skin              |     6 |     4 ||    10
Dodge: Dodged            |    32 |    67 ||    99
